 Dungeon Crawl Stone Soup version 0.28.0-45-g0d030f2227 (webtiles) character file.

Game seed: 7804108903532849594

46363 DungeonMaster the Fighter (level 14, -2/119 HPs)
             Began as a Demonspawn Wanderer on Apr 17, 2022.
             Was an Initiate of Gozag.
             Killed from afar by a hell hound (15 damage)
             ... with a blast of flame
             ... on level 6 of the Lair of Beasts.
             The game lasted 00:51:41 (21922 turns).

DungeonMaster the Fighter (Demonspawn Wanderer)    Turns: 21922, Time: 00:51:43

Health: -2/119     AC: 30    Str: 15    XL:     14   Next: 4%
Magic:  15/15      EV: 17    Int: 13    God:    Gozag
Gold:   2146       SH:  0    Dex: 18    Spells: 15/15 levels left

rFire   . . .      SeeInvis +   s - +5 battleaxe
rCold   . . .      Faith    .   (shield currently unavailable)
rNeg    . . .      Spirit   .   H - +4 scale mail of an ossuary {rPois}
rPois   +          Reflect  .   l - +2 helmet {SInv}
rElec   .          Harm     .   E - +2 cloak
rCorr   +          Rampage  .   C - +2 pair of gloves
Will    .....                   f - +1 pair of boots
Stlth   +.........              P - amulet of magic regeneration
HPRegen 0.29/turn               O - ring "Yzaug" {Will- rCorr Int+2 Slay+2}
MPRegen 0.54/turn               b - +4 ring of slaying

@: about to teleport, gold aura, invisible
A: claws 1, slimy green scales 2, condensation shield, demonic magic 3
a: Renounce Religion, Potion Petition, Call Merchant, Bribe Branch


You were on level 6 of the Lair of Beasts.
You worshipped Gozag.
Gozag was most pleased with you.
You visited 2 branches of the dungeon, and saw 17 of its levels.

You collected 4161 gold pieces.
You spent 857 gold pieces at shops.
You paid 1158 gold pieces to Gozag.

Inventory:

Hand Weapons
 a - the +7 trident "Feblud Guwi" {pain, Str+5}
   (You found it on level 2 of the Lair of Beasts)

   In the hands of one skilled in necromantic magic, it inflicts extra damage on
   living creatures.
   Str:       It affects your strength (+5).
 d - a +0 trident of venom
 e - a +2 dagger of draining
 s - a +5 battleaxe (weapon)
Missiles
 h - 233 arrows
 m - 6 datura-tipped darts
 n - 21 poisoned darts
 p - 114 bolts
 r - 185 sling bullets
 t - 3 throwing nets
 u - 7 boomerangs
 L - 568 stones
 N - a curare-tipped dart (quivered)
 S - 5 javelins
Armour
 f - a +1 pair of boots (worn)
 k - a +1 ring mail of cold resistance
 l - a +2 helmet of see invisible (worn)
 v - an orb of mayhem
 x - a +2 plate armour of cold resistance
 B - the +0 pair of gloves of Ujuffas {Harm}
   (You found it on level 1 of the Lair of Beasts)

   Harm:      It increases damage dealt and taken.
 C - a +2 pair of gloves (worn)
 E - a +2 cloak (worn)
 G - a +1 buckler of fire resistance
 H - the +4 scale mail of an ossuary (worn) {rPois}
   (You found it on level 10 of the Dungeon)

   rPois:     It protects you from poison.
Jewellery
 b - a +4 ring of slaying (right hand)
 I - a ring of flight
 K - a ring of see invisible
 O - the ring "Yzaug" (left hand) {Will- rCorr Int+2 Slay+2}
   (You bought it in a shop on level 9 of the Dungeon)

   [ring of resist corrosion]

   Int:       It affects your intelligence (+2).
   Slay:      It affects your accuracy & damage with ranged weapons and melee
   (+2).
   rCorr:     It protects you from acid and corrosion.
   Will:      It decreases your willpower.
 P - an amulet of magic regeneration (around neck)
 R - a ring of ice
Wands
 c - a wand of paralysis (15)
 q - a wand of polymorph (12)
 D - a wand of digging (9)
Scrolls
 g - 3 scrolls of teleportation
 y - a scroll of amnesia
 A - a scroll of immolation
 J - 3 scrolls of identify
Potions
 i - 5 potions of mutation
 j - 4 potions of flight
 o - a potion of ambrosia
 w - a potion of brilliance
 z - a potion of curing
 M - a potion of berserk rage
Miscellaneous
 F - a tin of tremorstones (2/2)


   Skills:
 * Level 13.8 Fighting
 - Level 2.6 Staves
 * Level 13.6 Armour
 * Level 13.6 Dodging
 - Level 1.0 Stealth
 - Level 1.0 Spellcasting
 - Level 2.0 Hexes


You had 15 spell levels left.
You didn't know any spells.
Your spell library contained the following spells:

 Spells                   Type           Power      Damage    Failure   Level
 Slow                     Hex            20%        N/A       32%         1
 Shock                    Conj/Air       0%         1d3       58%         1
 Sublimation of Blood     Necr           0%         N/A       75%         2
 Wereblood                Tmut           0%         N/A       75%         2
 Inner Flame              Hex/Fire       3%         N/A       83%         3
 Swiftness                Air            0%         N/A       92%         3
 Airstrike                Air            0%         N/A       100%        4
 Hailstorm                Conj/Ice       0%         3d3       100%        4
 Ice Form                 Ice/Tmut       0%         N/A       100%        4
 Simulacrum               Ice/Necr       0%         N/A       100%        6
 Summon Hydra             Summ           0%         N/A       100%        7


Dungeon Overview and Level Annotations

Branches:
Dungeon (11/15)            Temple (0/1) D:5            Lair (6/6) D:8
  Swamp (0/4) Lair:3       Spider (0/4) Lair:4        Slime (0/5) Lair:5
    Orc: D:9-12

Altars:
Fedhas
Gozag
Kikubaaqudgha
Makhleb
Okawaru
Ru
Yredelemnul
Zin

Shops:
D:8 [   D:9 =

Annotations:
D:6 3 runed translucent doors, Omnilove's ghost, amateur GrEE
Lair:1 exclusion: 3 oklob plants
Lair:2 Rupert
Lair:4 2 transporters, Sobaton's ghost, journeyman MiFi


Innate Abilities, Weirdness & Mutations

You have sharp fingernails.
You are mostly covered in slimy green scales. (AC +3)
A meltable shield of frost defends you. (SH +0)
Spells you cast and wands you use may paralyse nearby enemies.


Message History

A hell hound comes into view.
The ice devil misses you.
You slash the ice devil!
You kill the ice devil!
You see here 5 gold pieces.
The hell hound barely misses you. The hell hound misses you.
You hit the hell hound.
The hell hound is lightly wounded.
The hell hound breathes flames at you. The blast of flame hits you!
Your condensation shield dissipates!
A sun demon comes into view.
The hell hound misses you.
The sun demon shouts!
You slash the hell hound!
The hell hound is heavily wounded.
The hell hound bites you but does no damage. x2
The hell hound closely misses you.
You fade into invisibility!
The hell hound barely misses you.
You hit the sun demon but do no damage. You slash the hell hound!
The hell hound bites you but does no damage.
The hell hound barely misses you. The sun demon hits you.
You are engulfed in flames!
The hell hound closely misses you. The sun demon hits you!
* * * LOW HITPOINT WARNING * * *
You are engulfed in flames!
* * * LOW HITPOINT WARNING * * *
Okay, then.
The sun demon is distracted by your dazzling golden aura.
You see here 5 gold pieces.
As you read the scroll of teleportation, it crumbles to dust.
You feel strangely unstable. The hell hound breathes flames at you.
The blast of flame misses you. The hell hound closely misses you.
The sun demon shouts!
The hell hound breathes flames at you. The blast of flame hits you!
You die...
Your body crumbles into a pile of gold.

#........#.....≈
#...8.8..#...4..
#..8.#...'....4. #...8.#..#
#..#.8...#
#...#.8..###############
#..8.8...'3.........^..#
♣#).......#.h$8....8....#
♣♣♣'#########..$@$........#
♣♣.♣♣♣ ######''#######
.....♣♣♣ ♣....♣ ♣♣♣....♣♣♣
♣...♣♣ ♣ ♣♣♣♣...♣♣ ♣♣♣..♣♣
♣♣...♣♣♣♣♣..♣♣♣
♣♣♣...♣..♣♣♣ ♣♣....♣♣♣
♣....♣♣


You could see a sun demon and a hell hound (catching breath).

Vanquished Creatures
  2 dire elephants
  6 hydras
  2 anacondas (Lair:6)
  A catoblepas (Lair:4)
  A death yak (Lair:5)
  A lindwurm (Lair:5)
  A wizard (Lair:6)
  A manticore (D:11)
  11 elephants
  6 centaur zombies
  5 black mambas
  13 cane toads
  A gargoyle (D:9)
  A torpor snail (Lair:6)
  6 rime drakes
  2 orange demons (Lair:6)
  An unseen horror (D:10)
  A hellwing (Lair:6)
  11 komodo dragons
  2 ice devils (Lair:6)
  2 trolls
  A meliai (Lair:4)
  2 polar bears
  27 blink frogs
  A wraith (D:7)
  A wyvern (Lair:5)
  40 yaks
  3 basilisks
  19 water moccasins
  An acid dragon (D:10)
  3 hell hounds (Lair:6)
  A floating eye (Lair:1)
  3 orc warriors
  4 black bears
  A sky beast (D:8)
  4 centaurs
  3 necrophages
  An ogre (D:5)
  14 wolves
  A kobold brigand (D:8)
  10 bullfrogs
  2 gnoll sergeants
  2 scorpions (D:8)
  A water moccasin skeleton (D:6)
  8 killer bees
  10 wights
  An electric eel (Lair:4)
  5 howler monkeys
  5 hounds
  A bullfrog zombie (D:7)
  3 orc priests
  A human zombie (D:10)
  6 jellies
  4 iguanas
  8 orc wizards
  A killer bee zombie (D:7)
  A hound zombie (D:5)
  3 mummies (D:10)
  12 gnolls
  2 howler monkey skeletons
  4 adders
  2 white imps (D:6)
  An ufetubus (D:6)
  An adder skeleton (D:4)
  3 dart slugs
  14 orcs
  4 endoplasms
  2 giant cockroaches (D:2)
  6 goblins
  4 hobgoblins
  3 jackals (D:4)
  2 quokkas (D:1)
  8 ball pythons
  4 bats
  2 frilled lizards (D:1)
  8 kobolds
  3 rats
364 creatures vanquished.

Vanquished Creatures (others)
  72 fungi
  73 plants
145 creatures vanquished.

Grand Total: 509 creatures vanquished

Notes
Turn   | Place    | Note
-------+----------+-------------------------------------------
     0 | D:1      | DungeonMaster the Demonspawn Wanderer began the quest for
                  | the Orb.
     0 | D:1      | DungeonMaster set off with the following items: a +2
                  | quarterstaff, a +0 pair of boots, a +0 robe; and the
                  | following spell memorised: Slow; and the following spells
                  | available to memorise: Inner Flame
     0 | D:1      | Reached XP level 1. HP: 18/18 MP: 2/2
   171 | D:1      | Gained mutation: Spells you cast may paralyse adjacent
                  | enemies. [demonic ancestry]
   171 | D:1      | Reached XP level 2. HP: 24/24 MP: 3/3
   454 | D:1      | Found a faded altar of an unknown god.
   555 | D:1      | Reached skill level 1 in Armour
   555 | D:1      | Reached skill level 1 in Dodging
   848 | D:1      | Reached XP level 3. HP: 26/29 MP: 4/4
  1313 | D:2      | Found a blossoming altar of Fedhas.
  1781 | D:2      | Reached XP level 4. HP: 50/50 MP: 5/5
  1801 | D:3      | You fall into a shaft and drop 1 floor!
  1970 | D:4      | Reached XP level 5. HP: 52/55 MP: 6/6
  2113 | D:4      | Found an iron altar of Okawaru.
  2261 | D:4      | Found an opulent altar of Gozag.
  2266 | D:4      | Became a worshipper of Gozag Ym Sagoz the Greedy
  2746 | D:5      | Entered Level 5 of the Dungeon
  2920 | D:5      | Noticed an ogre
  2925 | D:5      | Killed an ogre
  2926 | D:5      | Gained mutation: You have sharp fingernails. [demonic
                  | ancestry]
  2926 | D:5      | Reached XP level 6. HP: 52/62 MP: 7/7
  2998 | D:5      | Found a staircase to the Ecumenical Temple.
  3133 | D:5      | Found an ancient bone altar of Kikubaaqudgha.
  3578 | D:5      | Paralysed by an orc for 2 turns
  3714 | D:5      | Gained mutation: Spells you cast may paralyse nearby
                  | enemies. [demonic ancestry]
  3714 | D:5      | Reached XP level 7. HP: 52/68 MP: 8/8
  4190 | D:6      | Noticed a troll
  4215 | D:6      | Killed a troll
  4216 | D:6      | Gained mutation: You are partially covered in slimy green
                  | scales. (AC +2) [demonic ancestry]
  4216 | D:6      | Reached XP level 8. HP: 75/75 MP: 9/9
  4244 | D:6      | Found a sacrificial altar of Ru.
  4678 | D:7      | Reached skill level 5 in Armour
  4678 | D:7      | Reached skill level 5 in Dodging
  5012 | D:6      | Found a runed translucent gate.
  5012 | D:6      | Found a runed translucent gate.
  5012 | D:6      | Found a runed translucent gate.
  5095 | D:6      | Found an opulent altar of Gozag.
  5096 | D:6      | Noticed Omnilove's ghost (amateur GrEE)
  5413 | D:6      | Gained mutation: A meltable shield of frost defends you.
                  | (SH +0) [demonic ancestry]
  5413 | D:6      | Reached XP level 9. HP: 73/81 MP: 10/10
  6708 | D:8      | Noticed a komodo dragon
  6736 | D:8      | Killed a komodo dragon
  6763 | D:8      | Bought a pair of steaming gloves for 256 gold pieces
  6763 | D:8      | Identified the -1 pair of gloves of the Seven Deaths {-Cast
                  | Str+5 Stlth+} (You bought it in a shop on level 8 of the
                  | Dungeon)
  6804 | D:8      | Found a staircase to the Lair.
  6830 | D:8      | Reached XP level 10. HP: 68/88 MP: 11/11
  7743 | D:9      | Noticed a gargoyle
  7887 | D:9      | Killed a gargoyle
  8630 | D:10     | Entered Level 10 of the Dungeon
  9047 | D:10     | Reached XP level 11. HP: 93/93 MP: 12/12
  9307 | D:10     | Found a basalt altar of Yredelemnul.
  9784 | D:10     | Identified the +4 scale mail of an ossuary {rPois}
 10048 | D:11     | Noticed a skeletal warrior
 10162 | D:11     | Noticed a death knight
 10270 | D:11     | Noticed a skeletal warrior
 10333 | Lair:1   | Entered Level 1 of the Lair of Beasts
 10371 | Lair:1   | Paralysed by a floating eye for 3 turns
 10584 | D:8      | Reached skill level 10 in Armour
 10584 | D:8      | Reached skill level 10 in Dodging
 10811 | Lair:1   | Identified the +0 pair of gloves of Ujuffas {Harm}
 10811 | Lair:1   | Noticed an oklob plant
 10816 | Lair:1   | Noticed an oklob plant
 11204 | Lair:1   | Noticed an oklob plant
 11724 | Lair:1   | Noticed a six-headed hydra
 11727 | Lair:1   | Noticed a seven-headed hydra
 12013 | Lair:2   | Identified the +7 trident "Feblud Guwi" {pain, Str+5}
 12112 | Lair:2   | Gained mutation: Spells you cast and wands you use may
                  | paralyse nearby enemies. [demonic ancestry]
 12112 | Lair:2   | Reached XP level 12. HP: 99/100 MP: 13/13
 12657 | Lair:1   | Killed a seven-headed hydra
 12819 | Lair:1   | Killed a six-headed hydra
 13558 | Lair:3   | Noticed Rupert
 13563 | Lair:2   | Paralysed by Rupert for 2 turns
 14136 | Lair:3   | Found a staircase to the Swamp.
 15226 | D:9      | Bought the ring "Yzaug" {Will- rCorr Int+2 Slay+2} for 601
                  | gold pieces
 15385 | Lair:4   | Found a transporter.
 15390 | Lair:4   | Found a transporter.
 15391 | Lair:4   | Noticed Sobaton's ghost (journeyman MiFi)
 15905 | Lair:4   | Noticed a seven-headed hydra
 16550 | Lair:4   | Noticed a five-headed hydra
 16566 | Lair:4   | Killed a five-headed hydra
 16812 | Lair:4   | Found a hole to the Spider Nest.
 16971 | Lair:5   | Found a staircase to the Slime Pits.
 17147 | Lair:5   | Noticed a catoblepas
 17185 | Lair:4   | Killed a catoblepas
 17186 | Lair:4   | Reached XP level 13. HP: 63/109 MP: 14/14
 18592 | Lair:5   | Noticed a dire elephant
 18613 | Lair:5   | Killed a dire elephant
 19161 | Lair:6   | Entered Level 6 of the Lair of Beasts
 21514 | Lair:6   | Noticed a dire elephant
 21551 | Lair:6   | Killed a dire elephant
 21798 | Lair:6   | Found a burning altar of Makhleb.
 21826 | Lair:6   | Gained mutation: You are mostly covered in slimy green
                  | scales. (AC +3) [demonic ancestry]
 21826 | Lair:6   | Reached XP level 14. HP: 119/119 MP: 15/15
 21922 | Lair:6   | Killed from afar by a hell hound

Illustrated notes

Levels and vault maps discovered:
D:1:      eino_arrival_water_cross, layout_basic, basic_ecumenical_altar,
          hangedman_feature_mirror
D:2:      layout_basic, basic_altar
D:3:      layout_rooms, serial_co_window_serial, co_window_of_opportunity_a,
          co_window_paths_b, co_window_paths_b, co_window_corner_a,
          co_window_paths_b, co_window_cross_1, co_window_broadway_a,
          co_window_corner_b, co_window_corner_ca, co_window_corner_b,
          co_window_cross_3, co_window_corner_b, glass_columns_a,
          glass_columns_a, glass_columns_c, minmay_misc_feat_encased, uniq_robin
D:4:      layout_loops_corners, okawaru_metal_pillars_1_2,
          mainiacjoe_overflow_alcove_2, kennysheep_generic_room_8
D:5:      layout_loops_cross, mainiacjoe_overflow_six_doors_small,
          minmay_temple_entry_mist
D:6:      cheibrodos_helix_gallery, layout_gridville, kennysheep_mini,
          ebering_ghost_gozag, nicolae_figureground_sparkle
D:7:      nicolae_BIG_FREAKIN_CUBE, layout_rooms
D:8:      layout_loops_ring, due_lair_maze_entry_diamond
D:9:      layout_small_grid
D:10:     layout_gridville, mainiacjoe_overflow_alcove_4,
          lemuel_mausoleum_altar_yredelemnul, minmay_misc_feat_room
D:11:     layout_small_grid
Lair:1:   layout_gridlike, disabler_island, grunt_megastairs_4,
          infiniplex_staircase_pool_2
Lair:2:   layout_hall_layers, infiniplex_staircase_pool
Lair:3:   layout_regular_city, swamp_mist, uniq_rupert
Lair:4:   layout_gridlike, hellmonk_spider_entry_not_the_bees,
          gammafunk_ghost_hive, grunt_megastairs_2, serial_bayou_shore_a
Lair:5:   layout_cave_pods, nicolae_slime_entry_slimehenge, nzn_random_ring
Lair:6:   evil_forest, layout_cave_pods, lemuel_fruit_tree

Skill      XL: |  1  2  3  4  5  6  7  8  9 10 11 12 13 |
---------------+----------------------------------------+-----
Armour         | 1 2 3 5 7 8 11 12 13 | 13.6
Dodging        | 1 2 3 5 7 8 11 12 13 | 13.6
Fighting       | 11 12 13 | 13.8
Staves         | |  2.6
Stealth        | |  1.0
Spellcasting   | |  1.0
Hexes          | |  2.0

Action                   |  1- 3 |  4- 6 |  7- 9 | 10-12 | 13-15 || total
-------------------------+-------+-------+-------+-------+-------++-------
Melee: Quarterstaff      |    75 |    94 |   128 |       |       ||   297
       Trident           |       |       |    62 |   439 |   332 ||   833
       Battleaxe         |       |       |    33 |   348 |   158 ||   539
       Punch             |       |       |       |     4 |     4 ||     8
Throw: Stone             |       |     4 |       |       |       ||     4
       Dart              |       |       |     3 |    13 |     2 ||    18
Invok: Call Merchant     |       |       |     1 |     1 |       ||     2
Evoke: Wand              |       |       |     9 |    13 |    11 ||    33
       Tin of tremorston |       |       |       |     2 |       ||     2
  Use: Scroll            |     2 |     6 |     2 |    15 |     3 ||    28
       Potion            |     1 |     1 |     4 |     8 |     2 ||    16
 Stab: Sleeping          |     6 |     1 |       |       |       ||     7
       Distracted        |       |     1 |     1 |     8 |     1 ||    11
       Paralysed         |       |       |     6 |     3 |     8 ||    17
Armor: Robe              |    11 |       |       |       |       ||    11
       Ring mail         |     7 |    32 |       |       |       ||    39
       Plate armour      |       |    26 |   204 |   346 |       ||   576
       Scale mail        |       |       |       |   397 |   288 ||   685
Dodge: Dodged            |    48 |    55 |    63 |   681 |   465 ||  1312
Block: Other             |       |       |    15 |   204 |    99 ||   318
